 Dungeon Crawl Stone Soup version 0.20.1-1-g8b1a95d (webtiles) character file.

67 daodarkstar the Skirmisher (level 4, -2/35 HPs)
             Began as a Demonspawn Fighter on July 25, 2017.
             Slain by an adder (4 damage)
             ... on level 2 of the Dungeon.
             The game lasted 00:02:44 (1738 turns).

daodarkstar the Skirmisher (Demonspawn Fighter)     Turns: 1738, Time: 00:02:45

Health: -2/35      AC:  0    Str: 16    XL:     4   Next: 0%
Magic:  4/4        EV: 11    Int: 10    God:
Gold:   58         SH:  0    Dex: 13    Spells: 3/3 levels left

rFire    . . .     SeeInvis .   (no weapon)
rCold    . . .     Gourm    .   (no shield)
rNeg     . . .     Faith    .   (no armour)
rPois    .         Spirit   .   (helmet restricted)
rElec    .         Reflect  .   (no cloak)
rCorr    .         Harm     .   (no gloves)
MR       .....                  (no boots)
Stlth    ++........             (no amulet)
Regen    0.2/turn               (no ring)
MPRegen  0.1/turn               (no ring)

@: lethally poisoned (-2 -> -4), heavily drained
A: antennae 2, nightstalker 1
a: no special abilities


You were on level 2 of the Dungeon.
You were not hungry.

You visited 1 branch of the dungeon, and saw 2 of its levels.

You collected 58 gold pieces.

Inventory:

Hand Weapons
 m - a +0 dagger of venom
Scrolls
 e - 4 scrolls of identify {unknown}
 g - a scroll of enchant armour {unknown}
 h - a scroll of immolation {unknown}
 j - a scroll of remove curse {unknown}
 l - a scroll of fear {unknown}
 n - a scroll of amnesia {unknown}
Potions
 d - 2 potions of might
Comestibles
 i - 2 royal jellies
 k - 4 fruits


   Skills:
 + Level 3.5(2.1) Fighting
   Level 2.6(1.2) Axes
 + Level 3.1(1.7) Armour
 + Level 1.1(0.0) Dodging
   Level 2.6(1.2) Shields


You had 3 spell levels left.
You didn't know any spells.

Dungeon Overview and Level Annotations

Branches:
Dungeon (2/15)

Altars:


Innate Abilities, Weirdness & Mutations

You have a pair of antennae on your head.
You are slightly more attuned to the shadows.


Message History

The goblin misses you. The giant cockroach bites you.
You miss the goblin.
You feel sick. The bat barely misses you. The adder completely misses you.
The goblin hits you. The adder misses you. The goblin closely misses you.
The giant cockroach misses you.
You miss the bat.
The bat is moderately wounded.
The bat hits you. The adder barely misses you.
The giant cockroach closely misses you. The goblin hits you.
* * * LOW HITPOINT WARNING * * *
The goblin closely misses you. The bat hits you.
* * * LOW HITPOINT WARNING * * *
The goblin hits you.
* * * LOW HITPOINT WARNING * * *
The bat hits you.
* * * LOW HITPOINT WARNING * * *
The bat hits you.
* * * LOW HITPOINT WARNING * * *
The adder bites you.
You die...

#.# #..#.#..## #.#
#..(..... ######.######
#..#)##.#
.........(..#####.#)...#
..................###..#
...........(#..###.....#
......g.....#....#.....#
.....gSs....#....#(.####
.......@....####...##
........b...# #####
............#
............#
............#
##.########## #.


You could see an adder, a giant cockroach, 2 goblins and a bat.

Vanquished Creatures
  2 adders (D:2)
  An ooze (D:1)
  2 worms (D:2)
  A dart slug (D:1)
  A leopard gecko (D:1)
  8 bats
  2 goblins (D:1)
  7 hobgoblins
  6 kobolds
  4 rats
34 creatures vanquished.

Notes
Turn   | Place    | Note
-------+----------+-------------------------------------------
     0 | D:1      | daodarkstar the Demonspawn Fighter began the quest for the Orb.
     0 | D:1      | Reached XP level 1. HP: 18/18 MP: 1/1
    63 | D:1      | Gained mutation: You have a pair of small antennae on your head. [demonic ancestry]
    63 | D:1      | Reached XP level 2. HP: 17/24 MP: 2/2
   659 | D:2      | Gained mutation: You have a pair of antennae on your head. [demonic ancestry]
   659 | D:2      | Reached XP level 3. HP: 26/29 MP: 3/3
   800 | D:2      | Reached skill level 1 in Dodging
   816 | D:2      | HP: 1/29 [worm (9)]
  1690 | D:2      | Gained mutation: You are slightly more attuned to the shadows. [demonic ancestry]
  1690 | D:2      | Reached XP level 4. HP: 30/35 MP: 4/4
  1738 | D:2      | Slain by an adder

Skill      XL: |  1  2  3 |
---------------+----------+-----
Axes           | 2 |  2.6
Armour         | 3 |  3.1
Dodging        | 1 |  1.1
Fighting       | |  3.5
Shields        | |  2.6

Action                   |  1- 3 |  4- 6 || total
-------------------------+-------+-------++-------
Melee: War axe           |   120 |       ||   120
       Unarmed           |       |     3 ||     3
  Use: Potion            |     1 |       ||     1
  Eat: Bread ration      |     1 |       ||     1
Armor: Scale mail        |    63 |       ||    63
Dodge: Dodged            |    41 |    13 ||    54
Block: Shield            |    69 |       ||    69
